 Dungeon Crawl Stone Soup version 0.29.1-15-g9cfb28693d (webtiles) character file.

Game seed: 1390423163327362286

4169 hawla the Arsonist (level 10, -2/77 HPs)
             Began as a Meteoran Fire Elementalist on Apr 25, 2023.
             Was a Believer of Vehumet.
             Slain by a red ugly thing (13 damage)
             ... on level 8 of the Dungeon.
             The game lasted 00:13:07 (2077 turns).

hawla the Arsonist (Meteoran Fire Elementalist)     Turns: 2077, Time: 00:13:08

Health: -2/77      AC: 12    Str:  9    XL:     10   Next: 82%
Magic:  28/33      EV: 16    Int: 23    God:    Vehumet [**....]
Gold:   344        SH:  0    Dex: 20    Spells: 21/28 levels left

rFire   . . .      SeeInvis .   i - +0 lajatang
rCold   . . .      Faith    .   (shield currently unavailable)
rNeg    . . .      Spirit   .   q - +0 steam dragon scales
rPois   .          Reflect  .   n - +1 helmet
rElec   .          Harm     .   e - +0 cloak
rCorr   .          Rampage  .   (no gloves)
Will    +....                   (no boots)
Stlth   +.........              (no amulet)
HPRegen 0.22/turn               g - +6 ring of dexterity
MPRegen 0.23/turn               o - ring of magical power

@: glowing
A: sense surroundings 2, otherworldly, glowing, explore regen, iridescent scales
2
a: Renounce Religion


You were on level 8 of the Dungeon.
You worshipped Vehumet.
Vehumet was pleased with you.
You visited 2 branches of the dungeon, and saw 9 of its levels.

You collected 344 gold pieces.

Inventory:

Hand Weapons
 i - a +0 lajatang (weapon)
Armour
 e - a +0 cloak (worn)
 n - a +1 helmet (worn)
 q - +0 steam dragon scales (worn)
Jewellery
 g - a +6 ring of dexterity (left hand)
 o - a ring of magical power (right hand)
Wands
 a - a wand of light (13)
 f - a wand of iceblast (6) (quivered)
 m - a wand of paralysis (7)
Scrolls
 d - a scroll of noise
 h - 3 scrolls of teleportation
 j - a scroll of enchant weapon {unknown}
 r - a scroll of poison {unknown}
Potions
 b - a potion of heal wounds
 c - 2 potions of lignification {unknown}
 k - a potion of ambrosia {unknown}
 l - 2 potions of curing
 p - a potion of cancellation {unknown}


   Skills:
 + Level 3.3 Fighting
 + Level 3.7 Staves
 + Level 6.1 Dodging
 - Level 1.4 Stealth
 + Level 9.6 Spellcasting
 + Level 8.1 Conjurations
 + Level 9.7 Fire Magic
 + Level 3.0 Evocations


You had 21 spell levels left.
You knew the following spells:

 Your Spells              Type           Power      Damage    Failure   Level
a - Foxfire               Conj/Fire      100%       2x1d9     1%          1
b - Scorch                Fire           100%       2d10      1%          2
c - Flame Wave            Conj/Fire      51%        2d13      1%          4

Your spell library contained the following spells:

 Spells                   Type           Power      Damage    Failure   Level
 Freeze                   Ice            44%        1d6       6%          1
 Conjure Flame            Conj/Fire      51%        6-21      1%          3
 Inner Flame              Hex/Fire       33%        N/A       2%          3
 Gell's Gravitas          Tloc           11%        N/A       17%         3
 Lesser Beckoning         Tloc           11%        N/A       17%         3
 Teleport Other           Tloc           11%        N/A       17%         3


Dungeon Overview and Level Annotations

Branches:
Dungeon (8/15) Zot: 2788   Temple (1/1) D:4 Zot: 527
   Lair: D:8-11

Altars:
Dithmenos
Elyvilon
Fedhas
Gozag
Kikubaaqudgha
Makhleb
Okawaru
Ru
Trog
Uskayaw
Vehumet
Wu Jian
Xom
The Shining One


Innate Abilities, Weirdness & Mutations

You passively map the area around you.
You are easily found by Zot.
You glow in the dark.
You regain HP and MP as you explore.
You are mostly covered in iridescent scales. (AC +4)


Message History

Vehumet accepts your kill.
Unknown command.
Things that are here:
a +0 dagger; 6 poisoned darts You now have 344 gold pieces (gained 9).
Things that are here:
a +3 falchion; a +0 robe
Items here: )) [[.
Things that are here:
a +3 falchion; a +0 robe The red ugly thing gurgles horribly!
A red ugly thing is nearby!
A red ugly thing is nearby!
You slash the red ugly thing!
The red ugly thing is lightly wounded.
The red ugly thing stings you.
You are engulfed in flames!!
Casting: Scorch (safe; 1% risk of failure)
Confirm with . or Enter, or press ? or * to list all spells.
Flames lash the red ugly thing.
The red ugly thing resists.
The red ugly thing is moderately wounded.
The red ugly thing's fire resistance burns away.
The red ugly thing completely misses you.
Unknown command.
Casting: Scorch (safe; 1% risk of failure)
Confirm with . or Enter, or press ? or * to list all spells.
Flames lash the red ugly thing.
The red ugly thing is heavily wounded.
The red ugly thing stings you.
You are engulfed in flames!
Unknown command.
Casting: Scorch (safe; 1% risk of failure)
Confirm with . or Enter, or press ? or * to list all spells.
Flames lash the red ugly thing.
The red ugly thing is heavily wounded.
The red ugly thing stings you!
You are engulfed in flames!!
* * * LOW HITPOINT WARNING * * *
Unknown command.
You feel much better. The red ugly thing stings you!
* * * LOW HITPOINT WARNING * * *
You are engulfed in flames!
You die...

......##....##...#### #.....##
.####.^##....##.....# #####.#.
##§.##..##....#..##.### #)#.
#§§.≈##..#....#..##...# #####.).
§.##..#.8#....#..####.## #....)))
≈.⌠>.≈...#....#..####..# #......)
≈.....#..#....###......###.......
..##..#.8#....#..........#.......
#..(.##..#....#.@......#.#.......
##..##.)##....#.u.######.#.......
.####..##....##...# #.#.......
..^...##....##....######...>.....
##..###...###....................
.####...### ................#####
......### #.............)..#
####### #................#
............#


You could see a red ugly thing (combustible).

Vanquished Creatures
  Joseph (D:8)
  Maurice (D:8)
  Maggie (D:8)
  A troll (D:8)
  Prince Ribbit (D:8)
  A hornet (D:8)
  A wyvern (D:8)
  The ghost of TheMysterons the Magician, an amateur DjVM (D:4)
  2 orc warriors (D:8)
  2 black bears (D:8)
  An ice beast (D:8)
  3 ogres
  2 centaurs
  A kobold brigand (D:8)
  3 bullfrogs
  A gnoll sergeant (D:8)
  3 necrophages
  2 scorpions
  5 wights (D:8)
  A killer bee (D:8)
  A howler monkey (D:4)
  2 quasits (D:4)
  2 gnoll boudas (D:8)
  4 orc priests
  3 iguanas
  2 orc wizards
  An adder (D:4)
  11 gnolls (D:8)
  2 shadow imps (D:8)
  A white imp (D:8)
  A howler monkey simulacrum (D:8)
  A worm (D:2)
  2 dart slugs (D:4)
  9 orcs
  2 ball pythons
  An endoplasm (D:2)
  2 goblins (D:2)
  2 hobgoblins (D:4)
  4 jackals (D:2)
  A bat (D:2)
  4 kobolds
92 creatures vanquished.

Vanquished Creatures (others)
  148 foxfires
148 creatures vanquished.

Grand Total: 240 creatures vanquished

Notes
Turn   | Place    | Note
-------+----------+-------------------------------------------
     0 | D:1      | hawla the Meteoran Fire Elementalist began the quest for
                  | the Orb.
     0 | D:1      | Reached XP level 1. HP: 14/14 MP: 5/5
    15 | D:2      | Found a faded altar of an unknown god.
    79 | D:2      | Reached XP level 2. HP: 14/20 MP: 1/6
   106 | D:2      | Found a shimmering altar of Xom.
   249 | D:2      | Learned a level 2 spell: Scorch
   253 | D:3      | Reached XP level 3. HP: 26/26 MP: 1/8
   255 | D:3      | Gained mutation: You are partially covered in iridescent
                  | scales. (AC +2) [potion of mutation]
   255 | D:3      | Gained mutation: You are mostly covered in iridescent
                  | scales. (AC +4) [potion of mutation]
   255 | D:3      | Gained mutation: You have hidden genetic defects. [potion
                  | of mutation]
   255 | D:3      | Lost mutation: You have hidden genetic defects. [potion of
                  | mutation]
   298 | D:3      | Reached XP level 4. HP: 6/34 MP: 2/10
   341 | D:4      | Noticed an ogre
   345 | D:4      | Killed an ogre
   346 | D:4      | Reached skill level 5 in Fire Magic
   346 | D:4      | Reached XP level 5. HP: 35/39 MP: 2/12
   415 | D:4      | Reached XP level 6. HP: 24/46 MP: 1/13
   495 | D:4      | Found a transporter.
   507 | D:4      | Noticed TheMysterons's ghost (amateur DjVM)
   545 | D:4      | Found a transporter.
   594 | D:4      | Found a staircase to the Ecumenical Temple.
   613 | Temple   | Entered the Ecumenical Temple
   677 | Temple   | Became a worshipper of Vehumet
   718 | D:4      | Learned a level 4 spell: Flame Wave
   775 | D:4      | Reached XP level 7. HP: 36/51 MP: 1/14
   966 | D:4      | Found a glowing golden altar of the Shining One.
  1066 | D:4      | Killed TheMysterons's ghost
  1067 | D:4      | Reached skill level 5 in Conjurations
  1121 | D:5      | Entered Level 5 of the Dungeon
  1142 | D:5      | Reached skill level 1 in Fighting
  1162 | D:5      | Reached XP level 8. HP: 59/59 MP: 9/15
  1210 | D:7      | Reached skill level 5 in Spellcasting
  1316 | D:8      | Noticed Joseph
  1439 | D:8      | Gained mutation: You passively map the area around you.
                  | [Meteoran growth]
  1439 | D:8      | Reached XP level 9. HP: 63/64 MP: 10/19
  1481 | D:8      | Noticed a troll
  1481 | D:8      | Noticed Maurice
  1484 | D:8      | Reached * piety under Vehumet
  1484 | D:8      | Offered knowledge of Shock by Vehumet.
  1485 | D:8      | Reached skill level 1 in Staves
  1486 | D:8      | Killed a troll
  1489 | D:8      | Killed Maurice
  1494 | D:8      | Reached skill level 5 in Dodging
  1494 | D:8      | Reached XP level 10. HP: 57/74 MP: 3/23
  1494 | D:8      | Noticed a red ugly thing
  1506 | D:8      | Noticed Prince Ribbit
  1513 | D:8      | Killed Prince Ribbit
  1525 | D:8      | HP: 2/74 [Joseph/+2 spectral quarterstaff (8)]
  1526 | D:8      | Killed Joseph
  1668 | D:8      | Noticed Maggie
  1678 | D:8      | Killed Maggie
  1777 | D:8      | Reached ** piety under Vehumet
  1778 | D:8      | Offered knowledge of Freeze by Vehumet.
  2076 | D:8      | HP: 1/77 [red ugly thing (23)]
  2077 | D:8      | Slain by a red ugly thing

Illustrated notes

Levels and vault maps discovered:
D:1:      elethiomel_arrival_shortcut, layout_rooms, serial_shops,
          nicolae_diamond_shop, minmay_nonomino_d4
D:2:      layout_basic, nicolae_ecumenical_lake_church, basic_altar,
          minmay_box_of_dots
D:3:      minmay_spotlight, layout_loops_corners, mainiacjoe_overflow_paths
D:4:      layout_loops_ring, marbit_many_paths, minmay_temple_entry_large_hall,
          gammafunk_ghost_stat_death
D:5:      layout_rooms, serial_shops, shop, interstate_on_off,
          hangedman_decor_peaks_small, uniq_grinder
D:6:      layout_basic, serial_shops, nicolae_diamond_shop
D:7:      layout_rooms
D:8:      layout_basic, nzn_random_ring, uniq_maurice, uniq_maggie,
          uniq_prince_ribbit1, uniq_joseph
Temple:   nicolae_temple_bog_church

Skill      XL: |  1  2  3  4  5  6  7  8  9 10 |
---------------+-------------------------------+-----
Fire Magic     | 4 5 6 8 9 |  9.7
Spellcasting   | 3 4 6 8 9 |  9.6
Dodging        | 3 5 6 |  6.1
Conjurations   | 2 4 5 6 7 8 |  8.1
Evocations     | 3 |  3.0
Fighting       | 1 2 3 |  3.3
Staves         | 2 3 |  3.7
Stealth        | |  1.4

Action                   |  1- 3 |  4- 6 |  7- 9 | 10-12 || total
-------------------------+-------+-------+-------+-------++-------
Melee: Unarmed           |    14 |     3 |     4 |       ||    21
       Punch             |     1 |       |       |       ||     1
       Lajatang          |       |       |     5 |    13 ||    18
 Cast: Foxfire           |    25 |    20 |    28 |    13 ||    86
       Scorch            |     1 |    13 |    13 |    33 ||    60
       Flame Wave        |       |     1 |    10 |     7 ||    18
Evoke: Wand              |       |       |     2 |       ||     2
  Use: Potion            |     2 |     1 |       |     2 ||     5
       Scroll            |       |     1 |       |     3 ||     4
Armor: Robe              |    12 |    30 |    31 |    15 ||    88
       Steam dragon scal |       |       |       |     6 ||     6
Dodge: Dodged            |    23 |    45 |    54 |    41 ||   163
